 Dungeon Crawl Stone Soup version 0.28.0-47-ge53b351184 (webtiles) character file.

Game seed: 10610995563720316634

474 101zpm the Magician (level 7, -1/47 HPs)
             Began as a Djinni Ice Elementalist on Apr 26, 2022.
             Slain by a phantom (7 damage)
             ... on level 3 of the Dungeon.
             The game lasted 00:07:51 (5157 turns).

101zpm the Magician (Djinni Ice Elementalist)       Turns: 5157, Time: 00:07:51

Health: -1/47      AC:  2    Str:  7    XL:     7   Next: 32%
Gold:   149        EV: 12    Int: 19    God:
                   SH:  0    Dex: 13

rFire   + + .      SeeInvis .   (no weapon)
rCold   x . .      Faith    .   (no shield)
rNeg    . . .      Spirit   .   a - +0 robe
rPois   ∞          Reflect  .   (no helmet)
rElec   .          Harm     .   (no cloak)
rCorr   .          Rampage  .   (no gloves)
Will    .....                   (boots unavailable)
Stlth   ++........              j - amulet of regeneration
HPRegen 0.95/turn               (no ring)
MPRegen 0.00/turn               (no ring)

@: wereblooded, flying
A: sickness immunity, fire resistance 2, cold vulnerability 1, float, innate
caster, HP casting, extra vitality 1
a: no special abilities


You were on level 3 of the Dungeon.
You visited 1 branch of the dungeon, and saw 6 of its levels.

You collected 149 gold pieces.

Inventory:

Missiles
 i - a throwing net
Armour
 a - a +0 robe (worn)
Jewellery
 d - a ring of resist corrosion
 j - an amulet of regeneration (around neck)
Scrolls
 b - a scroll of identify {unknown}
 c - a scroll of blinking {unknown}
 e - 3 scrolls of fear {unknown}
 g - a scroll of teleportation {unknown}
 h - a scroll of enchant armour {unknown}
 m - a scroll of torment {unknown}
Potions
 f - a potion of heal wounds {unknown}
 k - a potion of invisibility {unknown}
 l - a potion of attraction {unknown}


   Skills:
 + Level 1.0 Fighting
 + Level 2.8 Dodging
 + Level 2.5 Stealth
 + Level 5.9 Spellcasting


You had one spell level left.
You knew the following spells:

 Your Spells              Type           Power      Damage    Failure   Level
a - Freeze                Ice            100%       1d11      1%          1
b - Frozen Ramparts       Ice            56%        1d7       3%          3
c - Ozocubu's Armour      Ice            28%        N/A       3%          3
d - Hailstorm             Conj/Ice       28%        3d8       10%         4
e - Foxfire               Conj/Fire      100%       2x1d9     1%          1
f - Corpse Rot            Necr/Air       56%        N/A       1%          2
g - Wereblood             Tmut           28%        N/A       1%          2
Your spell library was empty.

Dungeon Overview and Level Annotations

Branches:
Dungeon (6/15)
 Temple: D:4-7

Altars:


Innate Abilities, Weirdness & Mutations

You are immune to sickness and miasma.
You are immune to poison.
Your flesh is very heat resistant. (rF++)
You are vulnerable to cold. (rC-)
You float through the air rather than walking.
You learn spells naturally, not from books.
Your magical power is your life essence.
You have superior vitality. (+4 MHP)


Message History

* * * LOW HITPOINT WARNING * * *
The phantom blinks!
You blink.
You hit the phantom but do no damage.
The phantom is lightly damaged.
The phantom hits you.
* * * LOW HITPOINT WARNING * * *
The phantom blinks!
You blink.
You barely miss the phantom.
The phantom is lightly damaged.
The phantom hits you but does no damage.
You completely miss the phantom.
The phantom is lightly damaged.
The phantom closely misses you.
You barely miss the phantom.
The phantom is lightly damaged.
The phantom hits you.
* * * LOW HITPOINT WARNING * * *
You hit the phantom.
The phantom is lightly damaged.
The phantom hits you!
* * * LOW HITPOINT WARNING * * *
You closely miss the phantom.
The phantom is lightly damaged.
The phantom hits you.
* * * LOW HITPOINT WARNING * * *
You closely miss the phantom.
The phantom is lightly damaged.
The phantom barely misses you.
You hit the phantom but do no damage.
The phantom is lightly damaged.
The phantom misses you.
You closely miss the phantom.
The phantom is lightly damaged.
The phantom hits you.
* * * LOW HITPOINT WARNING * * *
The phantom blinks!
You blink.
You barely miss the phantom.
The phantom is lightly damaged.
The phantom hits you!
You die...

##§# #.# #######>#####.#
#.............#
#.#####.#######################
#.##.##§#.....................#
#.##.##.........#############.#
##.##.####.#####.#############.#
..............).W...........##.#
##.##.##.#.#.§..@#########.###.#
.........#.###.#...........# #.#
##.##..#.#.# #.#.#############.#
#.##..#.#.# #.#...............#
#.##..#.#.###.#.###############
#.#####.#.....#.#
#.#####.#.#####.# #.......#.#
#.# #########.# ###


You could see a phantom.

Vanquished Creatures
  Prince Ribbit (D:5)
  A scorpion (D:5)
  A hound (D:6)
  A gnoll shaman (D:5)
  An iguana (D:4)
  4 gnolls (D:5)
  3 adders
  A worm (D:2)
  2 dart slugs
  8 ball pythons
  7 bats
  10 endoplasms
  6 giant cockroaches
  9 goblins
  5 hobgoblins
  3 quokkas
  3 frilled lizards
  8 kobolds
  4 rats
78 creatures vanquished.

Vanquished Creatures (others)
  15 foxfires (D:5)
15 creatures vanquished.

Grand Total: 93 creatures vanquished

Notes
Turn   | Place    | Note
-------+----------+-------------------------------------------
     0 | D:1      | 101zpm the Djinni Ice Elementalist began the quest for the
                  | Orb.
     0 | D:1      | Reached XP level 1. HP: 15/15 MP: 0/0
   402 | D:1      | Reached XP level 2. HP: 19/21 MP: 0/0
  1070 | D:1      | Reached XP level 3. HP: 24/25 MP: 0/0
  1070 | D:1      | Learned a level 1 spell: Foxfire
  1468 | D:1      | Found a faded altar of an unknown god.
  1671 | D:1      | Reached skill level 4 in Spellcasting
  2461 | D:2      | Reached XP level 4. HP: 29/31 MP: 0/0
  3837 | D:3      | Reached XP level 5. HP: 33/35 MP: 0/0
  3837 | D:3      | Learned a level 2 spell: Corpse Rot
  4234 | D:5      | Entered Level 5 of the Dungeon
  4323 | D:5      | Reached XP level 6. HP: 20/41 MP: 0/0
  4363 | D:5      | Reached skill level 5 in Spellcasting
  4371 | D:6      | Noticed an ice beast
  4650 | D:5      | Noticed Prince Ribbit
  4663 | D:5      | Killed Prince Ribbit
  4664 | D:5      | Reached skill level 1 in Fighting
  4664 | D:5      | Reached XP level 7. HP: 13/47 MP: 0/0
  4664 | D:5      | Learned a level 2 spell: Wereblood
  5157 | D:3      | Slain by a phantom

Illustrated notes

Levels and vault maps discovered:
D:1:      lemuel_arrival_tunnels, layout_basic, ebering_ecumenical_altar_box
D:2:      minmay_inner_zag, layout_basic
D:3:      layout_basic
D:4:      layout_loops_ring, uniq_grinder
D:5:      layout_layer_cave, minmay_temple_entry_glassed_door, uniq_ijyb,
          uniq_eustachio, uniq_prince_ribbit1
D:6:      layout_loops_ring, serial_shops, nicolae_shop_advertising_works
          [nicolae_subvault_shop_adworks], uniq_sigmund, uniq_duvessa

Skill      XL: |  1  2  3  4  5  6 |
---------------+-------------------+-----
Spellcasting   | 4 5 |  5.9
Stealth        | 2 |  2.5
Fighting       | 1 |  1.0
Dodging        | |  2.8

Action                   |  1- 3 |  4- 6 |  7- 9 || total
-------------------------+-------+-------+-------++-------
Melee: Unarmed           |     5 |     4 |    10 ||    19
 Cast: Freeze            |    61 |    63 |     5 ||   129
       Foxfire           |       |     8 |       ||     8
       Frozen Ramparts   |       |     1 |     3 ||     4
       Ozocubu's Armour  |       |     1 |       ||     1
       Wereblood         |       |       |     1 ||     1
Armor: Robe              |    10 |    13 |     1 ||    24
Dodge: Dodged            |    28 |    22 |     8 ||    58
